 Dungeon Crawl Stone Soup version 0.30-a0-847-g17996783a1 (webtiles) character file.

Game seed: 5700954961555499049

25 holysushi the Cutter (level 2, -4/24 HPs)
             Began as a Demonspawn Monk on Mar 4, 2023.
             Slain by Terence
             ... wielding a +2 flail of protection
              (10 damage)
             ... on level 2 of the Dungeon.
             The game lasted 00:01:04 (771 turns).

holysushi the Cutter (Demonspawn Monk)               Turns: 771, Time: 00:01:05

Health: -4/24      AC:  2    Str: 17    XL:     2   Next: 86%
Magic:  2/2        EV: 12    Int: 11    God:
Gold:   64         SH:  0    Dex: 15    Spells: 1/1 levels left

rFire   + . .      SeeInvis .    a - +0 short sword
rCold   + . .      Faith    .    (no shield)
rNeg    . . .      Spirit   .    b - +0 robe
rPois   +          Reflect  .    (no helmet)
rElec   +          Rampage  .    (no cloak)
rCorr   +                        (no gloves)
Will    .....                    (no boots)
Stlth   +                        (no amulet)
HPRegen 0.24/turn                f - +6 ring of strength
MPRegen 0.08/turn                (no ring)

@: confused, resistant, ambrosia-drunk
A: hooves 1
a: no special abilities


You were on level 2 of the Dungeon.
You visited 1 branch of the dungeon, and saw 2 of its levels.

You collected 64 gold pieces.

Inventory:

Hand Weapons
 a - a +0 short sword (weapon)
Armour
 b - a +0 robe (worn)
Jewellery
 f - a +6 ring of strength (left hand)
Scrolls
 d - a scroll of poison {unknown}
 h - a scroll of identify {unknown}
Potions
 g - a potion of degeneration {unknown}


   Skills:
 - Level 3.0 Fighting
 + Level 3.7 Short Blades
 - Level 2.6 Dodging
 - Level 1.7 Stealth


You had one spell level left.
You didn't know any spells.
Your spell library was empty.

Dungeon Overview and Level Annotations

Branches:
Dungeon (2/15) Zot: 11241

Altars:

Shops:
D:1 =

Annotations:
D:2 Terence


Innate Abilities, Weirdness & Mutations

You have large cloven feet.


Message History

Terence the Incautious comes into view.
He is wielding a +2 flail of protection.
Terence shouts!
Terence is nearby!
Terence is nearby!
Terence is nearby!
A rat comes into view.
Terence barely misses you. Terence attacks as you move away!
Terence hits you with a +2 flail of protection!
Okay, then.
Unknown command.
You hit Terence but do no damage. Your kick misses Terence.
You hit Terence but do no damage.
Terence hits you with a +2 flail of protection!
* * * LOW HITPOINT WARNING * * *
It was a potion of resistance.
You feel protected.
Terence bares his teeth.
Terence closely misses you.
You are confused.
You feel invigorated.
Terence hits you with a +2 flail of protection.
* * * LOW HITPOINT WARNING * * *
You bump into the rock wall.
Terence misses you. Terence barely misses you.
Press: ? - help, v - describe, . - travel
Here: Terence, wielding a +2 flail of protection and wearing a +0 chain mail The floor, spattered with blood.
You bump into the rock wall.
Terence hits you with a +2 flail of protection.
You bump into the rock wall.
Terence hits you with a +2 flail of protection!
* * * LOW HITPOINT WARNING * * *
You bump into the rock wall.
Terence hits you with a +2 flail of protection!
* * * LOW HITPOINT WARNING * * *
You bump into the rock wall.
Terence looks scornfully at you.
Terence hits you with a +2 flail of protection!
You die...

###########.#
#...........
#.#....r#####
#............
#...###.#####
#.#.@@# # #
#..## #...# #
##..#.#
#..<..#
#######


You could see Terence.

Vanquished Creatures
  A ball python (D:1)
  3 endoplasms (D:1)
  A giant cockroach (D:1)
  3 hobgoblins (D:1)
  4 jackals (D:1)
  A quokka (D:1)
  4 bats (D:1)
  A frilled lizard (D:1)
  A goblin (D:1)
  2 kobolds (D:1)
  A rat (D:1)
22 creatures vanquished.

Notes
Turn   | Place    | Note
-------+----------+-------------------------------------------
     0 | D:1      | holysushi the Demonspawn Monk began the quest for the Orb.
     0 | D:1      | Reached XP level 1. HP: 18/18 MP: 1/1
   271 | D:1      | Gained mutation: You have large cloven feet. [demonic
                  | ancestry]
   271 | D:1      | Reached XP level 2. HP: 14/24 MP: 2/2
   502 | D:1      | Found Siekenkeo's Jewellery Emporium.
   755 | D:2      | Noticed Terence
   771 | D:2      | Slain by Terence

Illustrated notes

Levels and vault maps discovered:
D:1:      amcnicky_arrival_underground_garden, layout_rooms, serial_shops,
          nicolae_shop_window_shopping, serial_aquarium,
          aquarium_bridge_long_joined [aquarium_subvault_bridge,
          aquarium_subvault_wall, aquarium_subvault_wall,
          aquarium_subvault_bridge, aquarium_subvault_wall,
          aquarium_subvault_bridge], aquarium_bridge_square
          [aquarium_subvault_bridge, aquarium_subvault_wall,
          aquarium_subvault_wall, aquarium_subvault_balcony],
          aquarium_window_fake, aquarium_window_1, aquarium_view_2a,
          aquarium_view_2b, aquarium_balcony_3b
D:2:      layout_basic, chequers_ecumenical_altar_simple, uniq_terence

Skill      XL: |  1 |
---------------+----+-----
Short Blades   | 3 |  3.7
Fighting       | |  3.0
Dodging        | |  2.6
Stealth        | |  1.7

Action                     || total
---------------------------++-------
  Melee: Short sword       ||    82
         Kick              ||    17
    Use: Potion            ||     2
 Armour: Robe              ||    19
  Dodge: Dodged            ||    77

Table legend: (Time is in decaauts)
 A = Elapsed time spent in this place.
 B = Non-inter-level travel time spent in this place.
 C = Inter-level travel time spent in this place.
 D = Time resting spent in this place.
 E = Time spent auto-exploring this place.
 F = Levels seen in this place.
 G = Mean time per level.
                   A        B        C        D        E       F      G
               +--------+--------+--------+--------+--------+-----+--------+
         Total |    757 |    731 |     26 |     47 |    508 |   2 |  378.5 |
       Dungeon |    757 |    731 |     26 |     47 |    508 |   2 |  378.5 |
               +--------+--------+--------+--------+--------+-----+--------+

Top non-repeatable levels by time:
     D:1: 735 daAuts
     D:2: 21 daAuts
